 Dungeon Crawl Stone Soup version 0.20-a0-556-g892c87b (webtiles) character file.

22 polly the Magician (level 2, -9/15 HPs)
             Began as a Deep Elf Wizard on Feb 5, 2017.
             Mangled by a gnoll
             ... wielding a +0 halberd
              (11 damage)
             ... on level 1 of the Dungeon.
             The game lasted 00:01:22 (515 turns).

polly the Magician (Deep Elf Wizard)                 Turns: 515, Time: 00:01:23

Health: -9/15      AC:  4    Str:  4    XL:     2   Next: 68%
Magic:  2/10       EV: 13    Int: 22    God:
Gold:   26         SH:  0    Dex: 13    Spells: 10/11 levels left

rFire    . . .     SeeInvis .   (no weapon)
rCold    . . .     Gourm    .   a - +0 robe
rNeg     . . .     Faith    .   (no shield)
rPois    .         Spirit   .   b - +0 hat
rElec    .         Reflect  .   i - +1 cloak
rCorr    .         Harm     .   (no gloves)
MR       .....                  (no boots)
Stlth    ++........             (no amulet)
Regen    0.1/turn               (no ring)
                                (no ring)

@: very slightly contaminated
A: no striking features
a: no special abilities


You were on level 1 of the Dungeon.
You were not hungry.

You visited 1 branch of the dungeon, and saw 1 of its levels.

You collected 26 gold pieces.

Inventory:

Armour
 a - a +0 robe (worn)
 b - a +0 hat (worn)
 i - a +1 cloak (worn)
Scrolls
 e - a scroll of enchant weapon {unknown}
 h - a scroll of noise {unknown}
Potions
 f - a potion of flight {unknown}
 g - 2 potions of curing {unknown}
Books
 c - a book of Minor Magic

   Spells                             Type                      Level
   a - Magic Dart                     Conjuration                  1
   b - Blink                          Translocation                2
   c - Call Imp                       Summoning                    2
   d - Repel Missiles                 Charms/Air                   2
   e - Slow                           Hexes                        2
   f - Conjure Flame                  Conjuration/Fire             3
   g - Mephitic Cloud                 Conjuration/Poison/Air       3
Comestibles
 d - a bread ration


   Skills:
 + Level 2.8 Dodging
 + Level 2.6 Stealth
 + Level 5.2 Spellcasting
 + Level 1.3 Conjurations
   Level 1.1 Summonings
   Level 1.1 Translocations


You had 10 spell levels left.
You knew the following spells:

 Your Spells              Type           Power        Failure   Level  Hunger
a - Magic Dart            Conj           ##..         8%          1    None


Dungeon Overview and Level Annotations

Branches:
Dungeon (1/15)

Altars:
Cheibriados


Message History

The gnoll hits you from afar with a halberd.
Casting: Magic Dart
Confirm with . or Enter, or press ? or * to list all spells.
Aiming: Magic Dart
Press: ? - help, Shift-Dir - straight line, f/p - gnoll
Aim: a gnoll, wielding a halberd (severely wounded)
The magic dart hits the gnoll.
The gnoll is almost dead.
The gnoll hits you from afar with a halberd!
* * * LOW HITPOINT WARNING * * *
Casting: Magic Dart
Confirm with . or Enter, or press ? or * to list all spells.
Aiming: Magic Dart
Press: ? - help, Shift-Dir - straight line, f/p - gnoll
Aim: a gnoll, wielding a halberd (almost dead)
The magic dart hits the gnoll.
The gnoll is almost dead.
The gnoll hits you from afar with a halberd!
Ouch! That really hurt!
You die...

.###..##..###..##...............#
..!...##. ##.#####.............
......##. #.# #............. .#
#.## ##.# ########......
.########.###.## #......
.#.......#...## ###### ##.....
.#.#####.#...## .....# ###...#
..........###.###.....# #.....#
..........# #.g.@.....# #......
..........###.###.....# #.##..#
...##.##.#...## .....# #.#...#
...........)## ###### #.#.#.#
..########.######### #.#.#.# ..#
#...........# ####>..... ..#
#.#.#..####.# #....>.### ..#
#.#.#..####.# ##.###### ...
#.#......##.# ##...##


You could see a gnoll.

Vanquished Creatures
  2 oozes (D:1)
  A dart slug (D:1)
  2 goblins (D:1)
  A hobgoblin (D:1)
  3 bats (D:1)
  3 kobolds (D:1)
  2 rats (D:1)
14 creatures vanquished.

Notes
Turn   | Place    | Note
-------+----------+-------------------------------------------
     0 | D:1      | polly the Deep Elf Wizard began the quest for the Orb.
     0 | D:1      | Reached XP level 1. HP: 10/10 MP: 7/7
   281 | D:1      | Reached XP level 2. HP: 15/15 MP: 5/9
   301 | D:1      | Reached skill level 5 in Spellcasting
   414 | D:1      | Found a snail-covered altar of Cheibriados.
   515 | D:1      | Mangled by a gnoll

Vault maps used:
D:1:      minmay_arrival_cross, cheibriados_altar_1

Skill      XL: |  1  2 |
---------------+-------+-----
Spellcasting   | 5 |  5.2
Dodging        | |  2.8
Stealth        | |  2.6
Conjurations   | |  1.3
Summonings     | |  1.1
Translocations | |  1.1

Action                   || total
-------------------------++-------
Melee: Unarmed           ||     7
 Cast: Magic Dart        ||    43
Armor: Robe              ||     1
Dodge: Dodged            ||    10
